[Event "Live Chess"]
[Site "Chess.com"]
[Date "2023.05.21"]
[Round "-"]
[White "Purple1szed"]
[Black "jagbama"]
[Result "0-1"]
[WhiteElo "1814"]
[BlackElo "1193"]
[TimeControl "300"]
[EndTime "3:36:20 PDT"]
[Termination "jagbama won by checkmate"]

1. e4 e5 2. Nf3 Nc6 3. Bc4 Bc5 4. c3 d6 5. d4 exd4 6. cxd4 Bb4+ 7. Bd2 Bg4 8. Bxb4 Nxb4 9. Qa4+ Nc6 10. d5 a6 11.
dxc6 b5 12. Bxb5 axb5 13. Qxb5 Ne7 14. Nc3 O-O 15. O-O Rb8 16. Qe2 d5 17. exd5 Nxd5 18. Nxd5 Qxd5 19. b3 Qxc6 20. Ne5 Qxg2+ 21. Kxg2 Bxe2 22.
Rfe1 Bb5 23. a4 Be8 24. Reb1 f6 25. Nd3 Bg6 26. Rd1 Rxb3 27. Nc5 Rc3 28. Ne6 Re8 29.
Nf4 Bc2 30. Rdc1 Ra8 31. Nd5 Be4+ 32. Kf1 Rxc1+ 33. Rxc1 Bxd5 34. Rxc7 Rxa4 35. Rc5 Bc4+ 36. Kg2 Kf7 37. Rc7+ Kg6 38. h3 h5 39. Rc5 f5 40.
Rc6+ Kg5 41. Kg3 h4+ 42. Kg2 Bd5+ 43. Kf1 Bxc6 44. Ke2 f4 45. f3 Ra2+ 46. Kd3 Bxf3 47. Kd4 Be2 48. Ke5 f3 49. Kd4 f2 50. Kd5 f1=Q 51. Kd6 Rd2+ 52. Kc7 Qc1+ 53. Kb6 Rb2+ 54. Ka7 Qa1# 0-1

[Event "Live Chess"]
[Site "Chess.com"]
[Date "2023.05.21"]
[Round "-"]
[White "stevochess11"]
[Black "LL220284LL"]
[Result "0-1"]
[WhiteElo "1722"]
[BlackElo "2322"]
[TimeControl "300"]
[EndTime "3:36:21 PDT"]
[Termination "LL220284LL won by resignation"]

1. d4 g6 2. Nf3 Bg7 3. Nc3 d6 4. e4 a6 5. Be3 b5 6. Bd3 Bb7 7. Ne2 Nd7 8. c3 c5 9. Ng3 Ngf6 10. O-O O-O 11. Qd2 Re8 12. Bh6 Bh8 13. Qg5 e5 14. d5 c4 15. Bc2 Nc5 16. Qh4 Nfd7 17. Ng5 Bf6 18. f4 Bxg5 19. Bxg5 f6 20. Bh6 Qe7 21. f5 g5 22. Qh5 Qf7 23. Bd1 Rec8 24. h4 Qxh5 25.
Nxh5 gxh4 26. Rf3 Nxe4 27. Rh3 Bxd5 28. Rxh4 Kf7 29. Rg4 Rg8 30. Bf3 Rxg4 31. Bxg4 Rg8 32. Bf3 Nxc3 33. Bxd5+ Nxd5 34. Rd1 N7b6 35. Ng7 Rxg7 36.
Bxg7 Kxg7 37. Kf2 Kf7 38. g4 Ke7 39. Kf3 Nf4 40. Rh1 d5 41. Rxh7+ Kd8 42. Rf7 d4 43.
Rxf6 Nbd5 44. Rd6+ Ke7 45. Re6+ Nxe6 46. fxe6 Kxe6 47.
Ke4 Nf6+ 0-1

[Event "Live Chess"]
[Site "Chess.com"]
[Date "2023.05.21"]
[Round "-"]
[White "Vitalii18a"]
[Black "NAZRIZ1977"]
[Result "0-1"]
[WhiteElo "1115"]
[BlackElo "1955"]
[TimeControl "300"]
[EndTime "3:36:42 PDT"]
[Termination "NAZRIZ1977 won on time"]

1. e4 c5 2. Nf3 d6 3. c3 Nf6 4. Bd3 Bg4 5. Bc2 Nc6 6. h3 Bxf3 7. Qxf3 g6 8. O-O Bg7 9. Re1 O-O 10. d4 cxd4 11.
cxd4 Nxd4 12. Qd1 Nxc2 13. Qxc2 Rc8 14. Qd1 Qa5 15. Nc3 b5 16. Bd2 Qb6 17. Nd5 Nxd5 18.
exd5 Bxb2 19. Be3 Qc7 20. Rb1 Bc3 21. Re2 b4 22. Bd4 Bxd4 23. Qxd4 a5 24. Qe3 Rfe8 25. Ree1 Qc4 26. Rb2 Qxd5 27. Qa7 e5 28. Rb3 Qc5 29. Qd7 a4 30. Rf3 Rf8 31. Ree3 Qc6 32. Qa7 Ra8 33. Qe7 b3 34. axb3 a3 35. Rf6 a2 36. Rxd6 a1=Q+ 37. Kh2 Qcc1 38. Rf3 Qh1+ 39. Kg3 Qa7 40. Rd7 Qxd7 41.
Qxd7 Qa1 42. h4 Qd4 43. Qe7 Rae8 44. Qg5 h5 45. Kh3 Qg4+ 46. Qxg4 hxg4+ 47. Kxg4 Kg7 48. Re3 f5+ 49. Kg5 f4 50. Rc3 Rf5+ 51. Kg4 Rf7 52. b4 Ree7 53. Rb3 Rb7 54. b5 e4 0-1

[Event "Live Chess"]
[Site "Chess.com"]
[Date "2023.05.21"]
[Round "-"]
[White "nigelst"]
[Black "JohanKjeldahl"]
[Result "1/2-1/2"]
[WhiteElo "1712"]
[BlackElo "1886"]
[TimeControl "300"]
[EndTime "3:36:47 PDT"]
[Termination "Game drawn by agreement"]

1. e4 c5 2. Nf3 e6 3. c3 Nc6 4. d4 cxd4 5. cxd4 d5 6. exd5 Qxd5 7. Nc3 Bb4 8. Bd2 Qa5 9. a3 Bxc3 10. Bxc3 Qh5 11. Ne5 Qxd1+ 12. Rxd1 Nxe5 13. dxe5 Bd7 14. Bd3 Ne7 15. O-O Nd5 16. Be4 Bc6 17. Bxd5 Bxd5 18.
Bb4 Kd7 19. Rc1 Rhc8 20. f3 Rxc1 21. Rxc1 Rc8 22. Rxc8 Kxc8 1/2-1/2

[Event "Live Chess"]
[Site "Chess.com"]
[Date "2023.05.21"]
[Round "-"]
[White "ameetghasi100"]
[Black "Brooms1989"]
[Result "1-0"]
[WhiteElo "2615"]
[BlackElo "1132"]
[TimeControl "300"]
[EndTime "3:36:53 PDT"]
[Termination "ameetghasi100 won by checkmate"]

1. d4 Nf6 2. c4 g6 3. Nc3 Bg7 4.
e3 O-O 5. h4 h5 6. Nf3 d6 7.
Ng5 Nbd7 8. Be2 b6 9. b3 Bb7 10. d5 c6 11. dxc6 Bxc6 12. O-O e5 13. Ba3 Ne8 14. Nce4 Bxe4 15. Nxe4 Qxh4 16. Nxd6 Nxd6 17. Qxd6 Rfd8 18. Qd2 Nf6 19. Qc2 Rd7 20. Rad1 Rad8 21. Rxd7 Rxd7 22. Rd1 Rxd1+ 23. Qxd1 Ng4 24. Bxg4 hxg4 25.
g3 Qh3 26. Qd8+ Kh7 27. Qd5 f5 28. Qf7 f4 29. exf4 exf4 30. Bf8 Qh6 31. gxf4 Kh8 32.
Bxg7+ Qxg7 33. Qxg7+ Kxg7 34. Kg2 Kf6 35. Kg3 Kf5 36. b4 g5 37. fxg5 Kxg5 38. c5 bxc5 39. bxc5 Kf6 40. Kxg4 Ke7 41. f4 Kd7 42. f5 Kc6 43. f6 Kxc5 44. f7 Kd6 45. f8=Q+ Kc6 46. Qa3 Kb7 47. Kf4 a6 48. Ke5 Ka7 49. Qd6 Kb7 50.
Kd5 Ka7 51. Kc5 Kb7 52. Qd7+ Ka8 53. Kb6 Kb8 54. Qe8# 1-0

[Event "Live Chess"]
[Site "Chess.com"]
[Date "2023.05.21"]
[Round "-"]
[White "Bunny55"]
[Black "Outspanner"]
[Result "1-0"]
[WhiteElo "969"]
[BlackElo "1453"]
[TimeControl "300"]
[EndTime "3:37:20 PDT"]
[Termination "Bunny55 won on time"]

1. e4 d6 2. d4 Nf6 3. Nc3 Nbd7 4.
Be3 e5 5. d5 c6 6. Nf3 Ng4 7. h3 Nxe3 8. fxe3 Be7 9. Qd2 Nf6 10.
O-O-O c5 11. g4 a6 12. g5 Nd7 13. h4 b5 14. Kb1 b4 15. Ne2 a5 16. Ng3 Nb6 17.
Bh3 Bxh3 18. Rxh3 c4 19. Nf5 Rg8 20. h5 g6 21. hxg6 hxg6 22. Nxe7 Qxe7 23. Rh7 Kd7 24. Qg2 b3 25. Qg4+ Kc7 26. cxb3 cxb3 27. Rc1+ Kb7 28. a3 Ra6 29. Qg1 Raa8 30. Qd1 Rac8 31. Rxc8 Rxc8 32.
Qxb3 Qc7 33. Nd2 Qc1+ 34. Ka2 Qxd2 35. Rxf7+ Rc7 36. Rxc7+ Kxc7 37. Qb5 Qc2 38. Qxa5 Kb7 39. Qb5 Qc4+ 40. Qxc4 Nxc4 41. Kb3 Nxe3 42. Kc3 Kb6 43.
b4 Ng4 44. Kc4 Nf2 45. a4 Nxe4 46. a5+ Kb7 47. Kb5 Nc3+ 48. Kc4 Ne4 49. b5 Nd2+ 50. Kc3 Ne4+ 51. Kd3 Nc5+ 52. Kc4 Ne4 53. b6 Ka6 54. b7 Kxb7 55. Kb5 Nc3+ 56. Kb4 Nxd5+ 57.
Kb5 1-0

[Event "Live Chess"]
[Site "Chess.com"]
[Date "2023.05.21"]
[Round "-"]
[White "Chesscoach_Golichenko"]
[Black "HoarseyHorsey"]
[Result "1-0"]
[WhiteElo "2618"]
[BlackElo "1453"]
[TimeControl "300"]
[EndTime "3:37:21 PDT"]
[Termination "Chesscoach_Golichenko won by checkmate"]

1. d4 Nf6 2. c4 e6 3. Nc3 d5 4. Nf3 Bb4 5. Qc2 O-O 6. a3 Bxc3+ 7. Qxc3 c6 8. Bg5 Nbd7 9. e3 h6 10. Bd3 Kh8 11. Bh4 Qe8 12. Qc2 e5 13. dxe5 Nxe5 14.
Bxf6 gxf6 15. Nd4 Nxd3+ 16. Qxd3 Rg8 17. g3 Bh3 18. O-O-O Bg2 19. Rhg1 Be4 20. Qc3 Bg6 21. g4 Qd7 22. f4 Be4 23. f5 Rae8 24. h4 c5 25. Nc2 b5 26. Qxf6+ Kh7 27. g5 Qxf5 28.
Qxh6# 1-0

[Event "Live Chess"]
[Site "Chess.com"]
[Date "2023.05.21"]
[Round "-"]
[White "JoeRoot66"]
[Black "JanMur7"]
[Result "0-1"]
[WhiteElo "1909"]
[BlackElo "1975"]
[TimeControl "300"]
[EndTime "3:37:32 PDT"]
[Termination "JanMur7 won by resignation"]

1. e4 e5 2. Nc3 Nf6 3. f4 d5 4.
fxe5 Nxe4 5. Qf3 Nxc3 6. bxc3 c5 7. Qg3 Nc6 8. Nf3 Be6 9. Bb5 h5 10. O-O h4 11. Qf2 h3 12. g3 Be7 13. Bxc6+ bxc6 14.
d4 cxd4 15. cxd4 Qb6 16. c3 c5 17. Be3 c4 18. Rab1 Qc6 19. Bg5 Qd7 20. Bxe7 Qxe7 21. Qe3 O-O 22. Ng5 Rab8 23. Qf4 Rxb1 24. Rxb1 Qa3 25. Qh4 Bf5 26. Rf1 Qxa2 27. Rf2 Qb1+ 28.
Rf1 Qc2 29. Rf2 Qc1+ 30. Rf1 Qe3+ 31. Rf2 Bd3 32. Qxh3 0-1

[Event "Live Chess"]
[Site "Chess.com"]
[Date "2023.05.21"]
[Round "-"]
[White "peter-785"]
[Black "ChessTWSS"]
[Result "1/2-1/2"]
[WhiteElo "1190"]
[BlackElo "1593"]
[TimeControl "300"]
[EndTime "3:38:15 PDT"]
[Termination "Game drawn - insufficient material"]

1. e4 c5 2. Nf3 Nc6 3. Bc4 e6 4. d4 Nf6 5. Nc3 d5 6. exd5 exd5 7. Bb5 Be7 8. O-O O-O 9. Be3 cxd4 10. Nxd4 Nxd4 11. Bxd4 Bg4 12. f3 Be6 13. Qe2 a6 14.
Bd3 b5 15. a3 Bd6 16. f4 Qe7 17. f5 Bd7 18. Qf3 Be5 19. Bxe5 Qxe5 20. Rae1 Qd6 21.
Rd1 d4 22. Ne4 Nxe4 23. Qxe4 Bc6 24. Qf4 Qxf4 25. Rxf4 Rad8 26. Kf2 g5 27. Rg4 h6 28. h4 f6 29. hxg5 hxg5 30. Rh1 Kg7 31. Rh3 Rh8 32.
Rxh8 Rxh8 33. Rxd4 Rh4 34. Rxh4 gxh4 35. Bf1 Kh6 36. Ke3 Kg5 37. Kf2 Kxf5 38. Bd3+ Kg4 39. c4 bxc4 40. Bxc4 a5 41. b4 axb4 42. axb4 h3 43.
Be6+ Kh4 44. Bxh3 Kg5 45. Bc8 Kf4 46. g4 Ke5 47. Bf5 Kd6 48. Ke3 Bb7 49. Bd3 Kc6 50.
b5+ Kb6 51. Kf4 Bc8 52. g5 fxg5+ 53. Kxg5 Bd7 54. Kf6 Bxb5 1/2-1/2

[Event "Live Chess"]
[Site "Chess.com"]
[Date "2023.05.21"]
[Round "-"]
[White "LiamBellwood"]
[Black "YrrriKharkiv"]
[Result "0-1"]
[WhiteElo "1931"]
[BlackElo "2062"]
[TimeControl "300"]
[EndTime "3:38:15 PDT"]
[Termination "YrrriKharkiv won by resignation"]

1. d4 Nf6 2. Nc3 d5 3. Bf4 e6 4. Nb5 Na6 5. a3 c6 6. Nc3 Bd6 7. e3 Bxf4 8. exf4 Nc7 9. Nf3 O-O 10. Qd2 Qd6 11. Ne5 c5 12. h4 cxd4 13. Qxd4 b5 14.
h5 h6 15. g4 a6 16. g5 hxg5 17.
fxg5 Nd7 18. Nxd7 Bxd7 19. h6 e5 20. Qh4 Qg6 21. Bd3 e4 22. hxg7 Qxg7 23. Bxe4 dxe4 24.
Nxe4 Rfe8 25. O-O-O Rxe4 26. Qxe4 Re8 27. Qh4 Bf5 28.
Rhe1 Rc8 29. Qf4 Qg6 30. c3 Ne6 31. Rxe6 Qxe6 32. Rh1 Qe4 33. Qxe4 Bxe4 34. Re1 Bf5 35. Re5 Be6 36. f4 Rd8 37. f5 Bb3 38. Re1 Rd5 39. f6 Kh7 40. Rg1 Kg6 41. Re1 Rxg5 42. Kd2 Rd5+ 43.
Kc1 Kxf6 0-1

[Event "Live Chess"]
[Site "Chess.com"]
[Date "2023.05.21"]
[Round "-"]
[White "EdenHazard8"]
[Black "smoggyrabbit"]
[Result "1-0"]
[WhiteElo "1956"]
[BlackElo "1704"]
[TimeControl "300"]
[EndTime "3:38:16 PDT"]
[Termination "EdenHazard8 won on time"]

1. e4 e6 2. d4 d5 3. Nd2 c5 4. Ngf3 Nc6 5. exd5 Qxd5 6. c3 cxd4 7. Bc4 Qd8 8. O-O dxc3 9. bxc3 Nf6 10. Re1 Be7 11. Qc2 O-O 12. Rb1 b6 13. Ne4 Bb7 14. Bf4 Nxe4 15. Rxe4 Na5 16. Rd4 Qc8 17. Ne5 Bc5 18. Rd3 Nxc4 19. Nxc4 Be4 20. Ne5 Bxd3 21. Qxd3 Rd8 22.
Qg3 Bd6 23. Bg5 Bxe5 24. Qxe5 Rd5 25. Qg3 Qd7 26. h4 Rd1+ 27. Rxd1 Qxd1+ 28. Kh2 Qd5 29. Bf6 g6 30. Qf4 Rd8 31. Qh6 Qd6+ 32. g3 Qf8 33. Qf4 Rc8 34. Be5 Rc5 35. Bd6 Rf5 36.
Bxf8 Rxf4 37. gxf4 1-0

[Event "Live Chess"]
[Site "Chess.com"]
[Date "2023.05.21"]
[Round "-"]
[White "Ferrarifan27"]
[Black "garyjc"]
[Result "1-0"]
[WhiteElo "2096"]
[BlackElo "1045"]
[TimeControl "300"]
[EndTime "3:38:16 PDT"]
[Termination "Ferrarifan27 won by resignation"]

1. e4 c5 2. Nf3 a6 3. d4 cxd4 4.
Nxd4 e5 5. Nf3 Nf6 6. Nc3 Bd6 7. Bg5 Qb6 8. Bxf6 gxf6 9. Nd5 Bb4+ 10. c3 Bxc3+ 11.
bxc3 Qd6 12. Nh4 Nc6 13. Nf5 Qa3 14. Nxf6+ Kf8 15. Qd6+ Qxd6 16. Nxd6 b5 17. Nxc8 Rxc8 18. Nxd7+ Kg7 19. Nb6 Rcd8 20. Be2 Rhe8 21. Rd1 Rxd1+ 22. Kxd1 Rd8+ 23. Kc2 Rb8 24. Nd5 b4 25. cxb4 Nxb4+ 26. Nxb4 Rxb4 27. Kc3 Ra4 28. Kb3 Rxe4 29. Bxa6 Rd4 30. Re1 f6 31. Bc4 Rd2 32. Re2 Rd8 33. a4 Rb8+ 34. Bb5 1-0

[Event "Live Chess"]
[Site "Chess.com"]
[Date "2023.05.21"]
[Round "-"]
[White "chessfiction"]
[Black "Shepherds_Pie"]
[Result "1-0"]
[WhiteElo "2321"]
[BlackElo "1937"]
[TimeControl "300"]
[EndTime "3:38:20 PDT"]
[Termination "chessfiction won by resignation"]

1. e4 e6 2. d4 d5 3. Nc3 Bb4 4. e5 c5 5. a3 Ba5 6. dxc5 Bxc3+ 7. bxc3 Nc6 8. Nf3 Nge7 9. Bd3 Qa5 10. O-O Qxc3 11. Rb1 a6 12. Re1 Qxc5 13. Ng5 h6 14. Qh5 O-O 15. Re3 d4 16. Re4 Nxe5 17. Nxf7 Rxf7 18.
Rxe5 Qd6 19. Bd2 Nf5 20. Rbe1 Bd7 21. Bf4 Qf8 22. Qg6 Rf6 23. Qg4 g6 24. g3 h5 25. Qg5 Qg7 26. Bc4 Re8 27. R5e4 Nd6 28. Bxd6 Rf5 29. Qh4 Kh7 30. Be5 Qh6 31. Rxd4 Bc6 32.
Bd3 Rxe5 33. Rxe5 Qc1+ 34. Bf1 Bb5 35. Rxb5 axb5 36. Rd7+ Kh6 37. Qf6 Rc8 38. Qg7+ Kg5 39.
h4+ Kf5 40. Rf7+ Ke4 41. Qxg6+ Kd4 42. Qd3+ Kc5 43. Qc3+ 1-0

[Event "Live Chess"]
[Site "Chess.com"]
[Date "2023.05.21"]
[Round "-"]
[White "WelshTiger"]
[Black "Dhaydon19"]
[Result "0-1"]
[WhiteElo "2330"]
[BlackElo "2697"]
[TimeControl "300"]
[EndTime "3:38:33 PDT"]
[Termination "Dhaydon19 won by resignation"]

1. e4 c6 2. d4 d5 3. f3 Nf6 4. e5 Nfd7 5. c4 e6 6. cxd5 cxd5 7. f4 Nc6 8. Nf3 Nb6 9. Bd3 g6 10. Be3 Nb4 11. Be2 Bd7 12. Nc3 Rc8 13. O-O Nc4 14. Bxc4 dxc4 15. d5 exd5 16. Nxd5 Nxd5 17. Qxd5 Bc6 18. Qxd8+ Rxd8 19. Nd4 Bc5 20. Rad1 O-O 21. Kf2 Be4 22. Nb5 Be7 23. Nc3 Bd3 24. Rfe1 a6 25.
Kf3 f6 26. Bb6 Rd7 27. e6 Rd6 28. Bc5 Rfd8 29. Bxd6 Rxd6 30. g4 f5 31. gxf5 gxf5 32. Rg1+ Kf8 33. Rg3 b5 34. Rdg1 Bf6 35. Rg8+ Ke7 36.
Ra8 Kxe6 37. Re1+ Kf7 38. Ra7+ Kf8 39. Re5 b4 40. Rc5 bxc3 41. Rc8+ Rd8 42. Rxd8+ Bxd8 43. bxc3 Bf6 44. Rxa6 Bxc3 45. a4 Bd2 46. Rc6 Be4+ 47. Ke2 Bxc6 48. Kxd2 Bxa4 49. Kc3 Bb3 50. Kd4 Kf7 0-1

[Event "Live Chess"]
[Site "Chess.com"]
[Date "2023.05.21"]
[Round "-"]
[White "JoshMcK"]
[Black "TheSmoulderingMaster"]
[Result "0-1"]
[WhiteElo "1513"]
[BlackElo "1674"]
[TimeControl "300"]
[EndTime "3:38:39 PDT"]
[Termination "TheSmoulderingMaster won by resignation"]

1. e4 c5 2. c3 d5 3. exd5 Qxd5 4. d4 Nc6 5. Nf3 Bg4 6. dxc5 Qxc5 7. Na3 e6 8. Nb5 Rc8 9. h3 Bh5 10. Be3 Qd5 11.
Qxd5 exd5 12. Nxa7 Nxa7 13. Bxa7 Nf6 14. Ne5 Bd6 15. Nf3 Bxf3 16. gxf3 O-O 17. O-O-O Ra8 18. Bd4 Rxa2 19. Bxf6 gxf6 20. Rxd5 Be5 21. Rg1+ Kh8 22.
Bc4 Ra1+ 0-1

[Event "Live Chess"]
[Site "Chess.com"]
[Date "2023.05.21"]
[Round "-"]
[White "BritishIsles"]
[Black "RoaringKnights"]
[Result "1-0"]
[WhiteElo "2415"]
[BlackElo "1074"]
[TimeControl "300"]
[EndTime "3:38:52 PDT"]
[Termination "BritishIsles won by checkmate"]

1. d4 c6 2. e4 d5 3. exd5 cxd5 4. c4 dxc4 5. Bxc4 Bf5 6. Qb3 e6 7. Qxb7 Nd7 8. Bb5 Rb8 9. Bxd7+ Qxd7 10. Qxb8+ Qd8 11.
Qxd8+ Kxd8 12. Nc3 Bb4 13. Nf3 Nf6 14. O-O Bxc3 15.
bxc3 Ne4 16. Ng5 Nxg5 17. Bxg5+ f6 18. Bf4 Ke7 19. Rfe1 Rc8 20. Rac1 Kf7 21. c4 Kg6 22. f3 Kh5 23. g4+ Bxg4 24. fxg4+ Kxg4 25. Bg3 h5 26. Rxe6 h4 27. Re4+ Kg5 28. Bxh4+ Kf5 29. Re7 Kg4 30. Bg3 f5 31. Rxg7+ Kf3 32. Rf1+ Ke4 33.
d5 Kd4 34. d6 Kxc4 35. d7 Rd8 36. Bh4 Rxd7 37. Rxd7 Kc3 38. Rc1+ Kb4 39. Rb7+ Ka5 40. Rxa7+ Kb6 41. Rac7 Kb5 42. Bf2 Ka4 43. Rb7 Ka5 44. Rc8 Ka6 45. Rb3 f4 46. Ra8# 1-0

[Event "Live Chess"]
[Site "Chess.com"]
[Date "2023.05.21"]
[Round "-"]
[White "DoYouLikeCurry"]
[Black "Reggie016"]
[Result "1-0"]
[WhiteElo "1400"]
[BlackElo "1116"]
[TimeControl "300"]
[EndTime "3:38:55 PDT"]
[Termination "DoYouLikeCurry won by resignation"]

1. e4 e6 2. d4 d5 3. e5 c5 4.
c3 Nc6 5. Nf3 Bd7 6. a3 Qb6 7.
b4 cxd4 8. cxd4 Nge7 9. Bb2 Nf5 10. Be2 Be7 11. O-O O-O 12. Qd3 Rac8 13. Nbd2 f6 14.
Nb3 fxe5 15. Nxe5 Nxe5 16. dxe5 a6 17. Rac1 Bb5 18. Qd2 Bxe2 19. Qxe2 Bg5 20. Rxc8 Rxc8 21. Nc5 Qc6 22. f4 Be7 23. Nb3 Qc2 24. Qxc2 Rxc2 25.
Bc1 d4 26. g4 Ne3 27. Nxd4 Rc4 28. Bxe3 1-0

[Event "Live Chess"]
[Site "Chess.com"]
[Date "2023.05.21"]
[Round "-"]
[White "Tushinskiy"]
[Black "Missedidea"]
[Result "1-0"]
[WhiteElo "2192"]
[BlackElo "1835"]
[TimeControl "300"]
[EndTime "3:39:07 PDT"]
[Termination "Tushinskiy won by checkmate"]

1. d4 Nf6 2. c3 g6 3. Nf3 Bg7 4. Bf4 d6 5. Bg3 O-O 6. Nbd2 Nbd7 7. e4 e5 8. dxe5 dxe5 9. Qc2 Qe7 10. Be2 c6 11. O-O Re8 12. b4 b5 13. a4 a6 14.
axb5 cxb5 15. Bxb5 Bb7 16. Be2 Qd6 17. Rfd1 Qb6 18.
Nc4 Qc7 19. Nd6 Re7 20. Nxb7 Qxb7 21. Bd3 Nh5 22. Qe2 Nf4 23. Bxf4 exf4 24. Rxa6 Rxa6 25. Bxa6 Qb6 26. Bc4 Bxc3 27. b5 Ne5 28. Nxe5 Rxe5 29. Rd7 Qc5 30. Bxf7+ Kf8 31. Rd5 Rxd5 32. Bxd5 Bd4 33.
g3 Qc1+ 34. Kg2 Kg7 35. Qf3 g5 36. Qh5 Qd2 37. Qxg5+ Kh8 38. Qg8# 1-0

[Event "Live Chess"]
[Site "Chess.com"]
[Date "2023.05.21"]
[Round "-"]
[White "ItsNot_Jasper"]
[Black "WombatIn_A_Box"]
[Result "1-0"]
[WhiteElo "1376"]
[BlackElo "570"]
[TimeControl "300"]
[EndTime "3:39:16 PDT"]
[Termination "ItsNot_Jasper won by checkmate"]

1. d4 d5 2. c4 dxc4 3. e3 b5 4. a4 c6 5. axb5 cxb5 6. Qf3 Nd7 7. Qxa8 Bb7 8. Qxb7 Qb6 9. Qc8+ Qd8 10. Qxd8+ Kxd8 11. Rxa7 Ngf6 12. Nf3 Nd5 13. Nc3 Nb4 14. Be2 Nc2+ 15.
Kf1 Nb4 16. g3 Nc6 17. Ra1 e6 18. Kg2 Bb4 19. Nxb5 Re8 20. Rd1 Ke7 21. Bd2 Bxd2 22.
Rxd2 Rb8 23. Nc3 Rb3 24. Bxc4 Rb6 25. d5 exd5 26. Nxd5+ Kd6 27. Nxb6+ Kc7 28. Rxd7+ Kxb6 29. Rxf7 h6 30. Rxg7 h5 31. Ra3 Kc5 32. Be2 Nb4 33. Ra5+ Kb6 34. Rxh5 Nc2 35. Rg6+ Kc7 36. Rh7+ Kc8 37.
Rg8# 1-0

[Event "Live Chess"]
[Site "Chess.com"]
[Date "2023.05.21"]
[Round "-"]
[White "McSlash1"]
[Black "Abde2012"]
[Result "1-0"]
[WhiteElo "2021"]
[BlackElo "738"]
[TimeControl "300"]
[EndTime "3:39:16 PDT"]
[Termination "McSlash1 won by checkmate"]

1. e4 c6 2. d4 d5 3. Nc3 Be6 4. e5 Nd7 5. Bd3 g6 6. f4 Nh6 7. h3 Bg7 8. Nf3 O-O 9. O-O c5 10. dxc5 Nxc5 11. Be2 Qb6 12. Be3 Nf5 13. Bf2 d4 14. Nxd4 Nxd4 15. Qxd4 Rad8 16. Qxc5 Qxc5 17. Bxc5 Rd2 18. Rad1 Rxc2 19. Bxe7 Re8 20. Ba3 Bxa2 21. Nxa2 Bxe5 22. fxe5 Rxe5 23. Rd8+ Kg7 24. Bf8+ Kg8 25.
Bh6+ Re8 26. Rxe8# 1-0

[Event "Live Chess"]
[Site "Chess.com"]
[Date "2023.05.21"]
[Round "-"]
[White "MMmaaxxxx"]
[Black "AttackingSnowLeopard"]
[Result "1-0"]
[WhiteElo "2030"]
[BlackElo "2167"]
[TimeControl "300"]
[EndTime "3:39:28 PDT"]
[Termination "MMmaaxxxx won by resignation"]

1. e4 e5 2. Nc3 Nf6 3. f4 d5 4. fxe5 Nxe4 5. Qf3 Nxc3 6. bxc3 Be6 7. d4 c5 8. Bd3 Nc6 9. Ne2 Be7 10. O-O O-O 11.
Nf4 Bg5 12. Nxe6 fxe6 13. Qxf8+ Qxf8 14. Rxf8+ Rxf8 15. Bxg5 cxd4 16. cxd4 Nxd4 17. Rf1 Rc8 18. Be7 h6 19. c3 Nc6 20. Bd6 Na5 21. Bg6 Nc4 22. Bf7+ Kh8 23. Bxe6 Re8 24. Bxd5 Nxe5 25. Bxe5 Rxe5 26. Bxb7 1-0

[Event "Live Chess"]
[Site "Chess.com"]
[Date "2023.05.21"]
[Round "-"]
[White "domrobson"]
[Black "CheckThis4"]
[Result "0-1"]
[WhiteElo "1716"]
[BlackElo "2496"]
[TimeControl "300"]
[EndTime "3:39:40 PDT"]
[Termination "CheckThis4 won by resignation"]

1. d4 Nf6 2. c4 g6 3. Nc3 d5 4. cxd5 Nxd5 5. e4 Nxc3 6. bxc3 Bg7 7. Nf3 c5 8. Be3 Qa5 9. Bd2 Bg4 10. Be2 Nc6 11. Rb1 O-O 12. O-O Bxf3 13. Bxf3 cxd4 14. cxd4 Qxa2 15. Rxb7 Nxd4 16. Be3 Rfd8 17. Rxe7 a5 18.
Qb1 Nxf3+ 19. gxf3 Qxb1 20. Rxb1 a4 21. Rbb7 a3 22.
Rxf7 Be5 23. f4 a2 24. fxe5 a1=Q+ 25. Kg2 Qxe5 26. Bh6 Qxe4+ 27. f3 Ra2+ 28. Kg3 Qe5+ 29. Bf4 Qh5 30. h4 Rf8 31. Rg7+ Kh8 0-1

[Event "Live Chess"]
[Site "Chess.com"]
[Date "2023.05.21"]
[Round "-"]
[White "GMMickeyAdams"]
[Black "Crowded_House"]
[Result "1-0"]
[WhiteElo "2794"]
[BlackElo "1638"]
[TimeControl "300"]
[EndTime "3:39:48 PDT"]
[Termination "GMMickeyAdams won on time"]

1. d4 d5 2. c4 c6 3. Nf3 e6 4.
b3 Nf6 5. e3 Bd6 6. Bb2 Nbd7 7.
Nbd2 O-O 8. Bd3 b6 9. O-O Bb7 10.
Ne5 Qc7 11. f4 c5 12. Rc1 dxc4 13. Ndxc4 Ne8 14. Qh5 g6 15. Qh6 f6 16. Nxg6 hxg6 17. Qxg6+ Ng7 18. Qh7+ Kf7 19. Bg6+ Ke7 20. Qxg7+ Kd8 21. Rfd1 Qc6 22. Rc2 Kc7 23. dxc5 Bxc5 24. Be4 Qxe4 25. Rxd7+ Kc6 26. Rc7+ Kb5 27. Qd7+ Bc6 28.
Qxc6+ Qxc6 29. a4+ Kb4 30. Rxc6 Kxb3 31. Rc3+ Kb4 32.
Rxe6 Kxa4 33. Kf2 Bb4 34. Rd3 Bc5 35. Bd4 Rac8 36. h4 Bxd4 37. Rxd4 Kb5 38. Nd6+ Kc5 39.
Nxc8 Rxc8 40. h5 Rf8 41. h6 b5 42. h7 a5 43. Rxf6 Rh8 44. Rf5+ Kc6 45. Rh5 b4 46. Rc4+ Kb6 47. g4 Ka6 48. Rc6+ Kb7 49. Rg6 Kc7 50. Rg7+ Kb6 51. Rh6+ 1-0

[Event "Live Chess"]
[Site "Chess.com"]
[Date "2023.05.21"]
[Round "-"]
[White "Greenbecker"]
[Black "Keithdfg"]
[Result "0-1"]
[WhiteElo "1650"]
[BlackElo "1822"]
[TimeControl "300"]
[EndTime "3:39:52 PDT"]
[Termination "Keithdfg won by resignation"]

1. e4 d6 2. d4 Nf6 3. Nc3 Nbd7 4.
Nf3 e5 5. dxe5 dxe5 6. Bc4 h6 7.
O-O c6 8. Re1 Qc7 9. Be3 b5 10.
Bb3 a5 11. a3 Nc5 12. Bxc5 Bxc5 13. Qe2 Bg4 14. h3 Bh5 15. Rad1 O-O 16. Rd3 Bg6 17.
Nh4 Bh7 18. Nf5 Bxf5 19. exf5 Bd4 20. Nd1 a4 21. Ba2 Rfe8 22. c3 Bb6 23. Ne3 e4 24.
Rdd1 Qe5 25. Ng4 Nxg4 26. Qxg4 Rad8 27. Rxd8 Rxd8 28. Qxe4 Qxe4 29. Rxe4 Rd1+ 30. Kh2 Bxf2 31. Re7 h5 32. Bxf7+ Kf8 33. Re2 Bg1+ 34. Kg3 Kxf7 35. Kh4 Rd5 36. g4 hxg4 37. hxg4 Bc5 38. g5 Be7 39. Kg4 Rd1 40. g6+ Kf8 41. Rh2 Rg1+ 42. Kf3 Bf6 43. Ke4 Rg4+ 44. Kf3 Rg5 45. Kf4 Ke7 46.
Re2+ Kd7 47. Re6 Rg1 48. Re2 Rf1+ 49. Kg4 Kd6 50. Re6+ Kc5 51. Re2 Kc4 52. Rc2 Rg1+ 53. Kf3 Kd3 54. Rh2 Be5 55. Rh8 Rf1+ 56. Kg2 Rxf5 57. Rc8 Rf6 0-1

[Event "Live Chess"]
[Site "Chess.com"]
[Date "2023.05.21"]
[Round "-"]
[White "manthanit"]
[Black "RockTroll"]
[Result "0-1"]
[WhiteElo "1096"]
[BlackElo "2234"]
[TimeControl "300"]
[EndTime "3:40:01 PDT"]
[Termination "RockTroll won by resignation"]

1. e4 d5 2. exd5 Qxd5 3. Nf3 Nc6 4. Nc3 Qh5 5. h3 e5 6. Be2 Qg6 7. O-O Bxh3 8. Nh4 Qg5 9. g3 Bxf1 10. Kxf1 O-O-O 11. d3 Qe7 12. Ne4 g6 13. Bg5 f6 14.
Be3 h6 15. Bg4+ f5 16. Bxf5+ gxf5 17. Nxf5 Qe6 18. Qg4 Kb8 19. Nc5 Bxc5 20. Bxc5 Nf6 21. Qf3 e4 22. dxe4 Qxe4 23. Qxe4 Nxe4 24. Ne7 Nxc5 0-1

[Event "Live Chess"]
[Site "Chess.com"]
[Date "2023.05.21"]
[Round "-"]
[White "JoshMcK"]
[Black "YrrriKharkiv"]
[Result "0-1"]
[WhiteElo "1512"]
[BlackElo "2063"]
[TimeControl "300"]
[EndTime "3:40:17 PDT"]
[Termination "YrrriKharkiv won by resignation"]

1. e4 e6 2. d4 d5 3. Nc3 Nf6 4. e5 Nfd7 5. f4 c5 6. Nf3 Nc6 7. Be3 Qb6 8. Na4 Qa5+ 9. Nc3 cxd4 10. Nxd4 Bb4 11. Bd2 Nxd4 0-1